 Dungeon Crawl Stone Soup version 0.13-a0-2305-ge00d11d (console) character file.

98 Illaniel the Charmwright (level 3, 0/23 HPs)
             Began as a High Elf Skald on July 9, 2013.
             Succumbed to an adder's poison
             ... on Level 2 of the Dungeon.
             The game lasted 00:03:56 (1041 turns).

Illaniel the Charmwright (High Elf Skald)           Turns: 1041, Time: 00:03:56

HP   0/23        AC  3     Str 11      XL: 3   Next: 26%
MP   0/9         EV 11     Int 16      God:
Gold 59          SH  0     Dex 15      Spells:  3 memorised,  2 levels left

Res.Fire  : . . .   See Invis. : .   a - +0 elf short sword
Res.Cold  : . . .   Warding    : .   b - +0 elf leather armour
Life Prot.: . . .   Conserve   : .   (no shield)
Res.Poison: .       Res.Corr.  : .   (no helmet)
Res.Elec. : .       Clarity    : .   (no cloak)
Sust.Abil.: . .     Spirit.Shd : .   (no gloves)
Res.Mut.  : .       Stasis     : .   (no boots)
Res.Rott. : .       Flight     : .   (no amulet)
Saprovore : . . .                    (no ring)
                                     (no ring)

@: mildly poisoned, slightly resistant to hostile enchantments, unstealthy
A: no striking features
a: Stop Singing


You were on level 2 of the Dungeon.
You were very hungry.

You visited 1 branch of the dungeon, and saw 2 of its levels.

You collected 39 gold pieces.

Inventory:

Hand weapons
 a - a +0,+0 elven short sword (weapon)
Missiles
 j - 14 poisoned needles
 o - 16 stones (quivered)
Armour
 b - a +0 elven leather armour (worn)
Comestibles
 d - 2 bread rations
 h - a snozzcumber
 k - 8 grapes
 n - a rotting chunk of bat flesh
Scrolls
 e - 3 scrolls of identify {unknown}
 f - a scroll of enchant weapon I {unknown}
 l - a scroll of recharging {unknown}
Potions
 g - a potion of resistance {unknown}
 i - a potion of confusion {unknown}
 m - a potion of curing {unknown}
Books
 c - a book of Battle

   Spells                             Type                      Level
   *Infusion                          Charms                       1
   *Shroud of Golubria                Charms/Translocation         2
   *Song of Slaying                   Charms                       2
   Spectral Weapon                    Hexes/Charms                 3
   Regeneration                       Charms/Necromancy            3
   Song of Shielding                  Charms                       4


   Skills:
 + Level 2.2 Fighting
 - Level 2.4 Short Blades
 + Level 1.6 Armour
 + Level 1.8 Dodging
 + Level 2.8 Spellcasting
 + Level 4.1 Charms


You had 2 spell levels left.
You knew the following spells:

 Your Spells              Type           Power        Failure   Level  Hunger
a - Infusion              Chrm           ###...       4%          1    #......
b - Song of Slaying       Chrm           ###.......   8%          2    ##.....
h - Shroud of Golubria    Chrm/Tloc      #.........   14%         2    ##.....


Dungeon Overview and Level Annotations

Branches:
Dungeon (2/27)

Altars:


Message History

You barely miss the hobgoblin.
The hobgoblin hits you but does no damage.
You barely miss the hobgoblin.
You are feeling less magically infused.
Your shroud bends the hobgoblin's attack away.
You barely miss the hobgoblin.
* * * LOW HITPOINT WARNING * * *
You feel sick.
Your shroud unravels.
The hobgoblin barely misses you.
You hit the hobgoblin but do no damage. The hobgoblin hits you.
* * * LOW HITPOINT WARNING * * *
You hit the hobgoblin.
The hobgoblin is heavily wounded.
The hobgoblin hits you.
* * * LOW HITPOINT WARNING * * *
You hit the hobgoblin.
You kill the hobgoblin!
Your song is almost over.
You die... ∙ ▒∙ ▒∙ ▒∙ ▒ ▒∙ ▒∙▒▒▒▒∙ ▒∙∙∙∙∙∙▒▒▒▒▒▒▒▒ ∙∙∙∙∙∙∙∙∙∙∙∙∙∙∙∙∙

∙∙∙∙∙∙∙∙∙▒
∙∙▒▒▒▒▒▒@▒ ▒∙▒
▒∙▒ ▒∙▒ ▒∙▒
▒∙▒ ▒∙▒ ▒∙▒
▒∙▒ ▒∙▒
▒∙▒▒▒▒▒▒▒▒▒▒▒▒


There were no monsters in sight!

Vanquished Creatures
  An adder (D:2)
  2 giant geckos (D:1)
  A bat (D:1)
  4 hobgoblins
  6 jackals (D:1)
  2 giant cockroaches (D:1)
  A giant newt (D:1)
  4 goblins
  A kobold (D:1)
  4 rats (D:1)
26 creatures vanquished.

Notes
Turn   | Place    | Note
--------------------------------------------------------------
     0 | D:1      | Illaniel, the High Elf Skald, began the quest for the Orb.
     0 | D:1      | Reached XP level 1. HP: 13/13 MP: 4/4
    18 | D:1      | Reached skill level 1 in Armour
   353 | D:1      | Reached XP level 2. HP: 9/18 MP: 1/6
   380 | D:1      | Learned a level 2 spell: Song of Slaying
   383 | D:1      | Learned a level 2 spell: Shroud of Golubria
  1030 | D:2      | Reached skill level 4 in Charms
  1030 | D:2      | Reached XP level 3. HP: 12/23 MP: 0/9
  1039 | D:2      | HP: 1/23 [hobgoblin (2)]
  1041 | D:2      | Succumbed to an adder's poison

Action                   || total
-------------------------++-------
Melee: Short sword       ||    90
 Cast: Infusion          ||    14
       Shroud of Golubri ||     5
       Song of Slaying   ||     3
